 Dungeon Crawl Stone Soup version 0.28-a0-10-g964c8b829e (webtiles) character file.

Game seed: 4786385077615482482

7 skittles the Ruffian (level 1, -2/16 HPs)
             Began as a Draconian Transmuter on July 26, 2021.
             Slain by a goblin (3 damage)
             ... on level 1 of the Dungeon.
             The game lasted 00:00:24 (332 turns).

skittles the Ruffian (Draconian Transmuter)          Turns: 332, Time: 00:00:25

Health: -2/16      AC:  4    Str: 12    XL:     1   Next: 83%
Magic:  2/3        EV: 12    Int: 13    God:
Gold:   0          SH:  0    Dex: 11    Spells: 3/4 levels left

rFire   . . .      SeeInvis .     - Unarmed
rCold   . . .      Faith    .   (no shield)
rNeg    . . .      Spirit   .   (armour unavailable)
rPois   .          Reflect  .   (helmet currently unavailable)
rElec   .          Harm     .   (no cloak)
rCorr   .          Rampage  .   (no gloves)
Will    .....                   (boots currently unavailable)
Stlth   +.........              (no amulet)
HPRegen 0.05/turn               (no ring)
MPRegen 0.08/turn               (no ring)

@: lethally poisoned (-2 -> -15), appendages
A: horns 2, talons 2, AC +4, unfitting armour, cold-blooded
a: End Transformation


You were on level 1 of the Dungeon.
You had temporarily grown beastly horns and talons.
You visited 1 branch of the dungeon, and saw 1 of its levels.

Inventory:

Scrolls
 a - a scroll of teleportation {unknown}
 b - a scroll of fog {unknown}


   Skills:
 - Level 1.1 Fighting
 - Level 1.7 Dodging
 * Level 3.2 Unarmed Combat
 - Level 2.0 Spellcasting
 * Level 2.3 Transmutations


You had 3 spell levels left.
You knew the following spells:

 Your Spells              Type           Power      Damage    Failure   Level
a - Beastly Appendage     Tmut           14%        N/A       10%         1

Your spell library contained the following spells:

 Spells                   Type           Power      Damage    Failure   Level
 Wereblood                Tmut           7%         N/A       14%         2
 Spider Form              Tmut/Pois      2%         N/A       43%         3
 Ice Form                 Ice/Tmut       4%         N/A       83%         4


Dungeon Overview and Level Annotations

Branches:
Dungeon (1/15)

Altars:


Innate Abilities, Weirdness & Mutations

You have temporarily grown beastly horns and talons.
Your plain brown scales are hard. (AC +4)
You cannot fit into any form of body armour.
You are cold-blooded and may be slowed by cold attacks.


Message History

The endoplasm barely misses you.
You hit the endoplasm.
You kill the endoplasm!
The jackal closely misses you. The jackal closely misses you.
The jackal misses you.
You barely miss the jackal. You claw the jackal, but do no damage.
The jackal bites you but does no damage.
You closely miss the jackal. You headbutt the jackal.
You kill the jackal!
Your transformation is almost over.
a - a scroll labelled SUPOYTHRETWO You start resting.
Magic restored.
You start resting.
Your horns disappear.
Your talons disappear.
You start resting.
HP restored.
b - a scroll labelled KUBIQU KIQO A goblin comes into view.
It is wielding a +1 dagger of venom.
The goblin shouts!
Casting: Beastly Appendage (safe; 10% risk of failure)
Confirm with . or Enter, or press ? or * to list all spells.
You grow a pair of large bovine horns.
Your feet morph into talons.
The goblin hits you but does no damage.
You are poisoned.
You barely miss the goblin.
You feel very sick.
A dart slug comes into view.
You closely miss the goblin. Your headbutt misses the goblin.
You feel sick.
The goblin hits you with a +1 dagger of venom.
You are lethally poisoned!
The dart slug launches a dart at you. The slug dart misses you.
You completely miss the goblin.
You feel very sick. The goblin barely misses you.
You closely miss the goblin.
* * * LOW HITPOINT WARNING * * *
You feel very sick.
The goblin hits you with a +1 dagger of venom.
You die...

.w ..#. .. ... # #.
..# #. #. #..# .#
##.##?##..##.##
..............
#.#....#.##.##
#...g@........
....#....#...### #
##.#.#...# #.
#.#.#.รท.#
##.##.#.#...###
..............# .#
##.######...#.##.# #
#.###......#.##.####.
#........#.# .......


You could see a dart slug and a goblin.

Vanquished Creatures
  An endoplasm (D:1)
  4 jackals (D:1)
5 creatures vanquished.

Notes
Turn   | Place    | Note
-------+----------+-------------------------------------------
     0 | D:1      | skittles the Draconian Transmuter began the quest for the
                  | Orb.
     0 | D:1      | Reached XP level 1. HP: 16/16 MP: 3/3
   332 | D:1      | Slain by a goblin

Illustrated notes

Levels and vault maps discovered:
D:1:      dpeg_arrival_shelter, layout_loops_ring, ebering_dispersal_statue_hall

Action                   || total
-------------------------++-------
Melee: Unarmed           ||    19
       Kick              ||     3
       Tailslap          ||     2
       Headbutt          ||     1
 Cast: Beastly Appendage ||     3
Armor: Skin              ||    10
Dodge: Dodged            ||    19

Table legend: (Time is in decaauts)
 A = Elapsed time spent in this place.
 B = Non-inter-level travel time spent in this place.
 C = Inter-level travel time spent in this place.
 D = Time resting spent in this place.
 E = Time spent auto-exploring this place.
 F = Levels seen in this place.
 G = Mean time per level.
                   A        B        C        D        E       F      G
               +--------+--------+--------+--------+--------+-----+--------+
         Total |    330 |    330 |      0 |    258 |     33 |   1 |  330.0 |
       Dungeon |    330 |    330 |      0 |    258 |     33 |   1 |  330.0 |
               +--------+--------+--------+--------+--------+-----+--------+

Top non-repeatable levels by time:
     D:1: 330 daAuts
